 Dungeon Crawl Stone Soup version 0.30.1-3-gfc49f6343a (webtiles) character file.

Game seed: 13525712780427740265

66 Zeor the Trooper (level 4, -2/29 HPs)
             Began as a Gargoyle Monk on July 28, 2023.
             Killed by nerve-wracking pain
             ... invoked by Grinder
              (7 damage)
             ... on level 3 of the Dungeon.
             The game lasted 00:04:37 (1602 turns).

Zeor the Trooper (Gargoyle Monk)                    Turns: 1602, Time: 00:04:37

Health: -2/29      AC: 12    Str: 17    XL:     4   Next: 15%
Magic:  3/3        EV:  8    Int: 10    God:
Gold:   92         SH:  0    Dex: 12    Spells: 3/3 levels left

rFire   . . .        a - +0 mace
rCold   . . .        d - orb {light}
rNeg    + . .        g - +0 chain mail
rPois   ∞            (no helmet)
rElec   +            j - +0 cloak
rCorr   .            (no gloves)
SInv    .            (no boots)
Will    .....        (no amulet) Stlth
                     (no ring)
HPRegen 0.24/turn    (no ring)
MPRegen 0.08/turn

%: no passive effects
@: glowing
A: sickness immunity, AC +3, negative energy resistance 1, electricity
resistance, torment resistance 1, petrification resistance, low MP 1
a: no special abilities


You were on level 3 of the Dungeon.
You visited 1 branch of the dungeon, and saw 3 of its levels.

You collected 92 gold pieces.

Inventory:

Hand Weapons
 a - a +0 mace (weapon)
Missiles
 f - 5 poisoned darts (quivered)
Armour
 d - an orb of light (worn)
 g - a +0 chain mail (worn)
 j - a +0 cloak (worn)
Scrolls
 i - 2 scrolls of teleportation
Potions
 c - a potion of ambrosia


   Skills:
 + Level 4.2 Fighting
 + Level 4.1 Maces & Flails
 + Level 0.2 Armour
 + Level 2.5 Dodging


You had 3 spell levels left.
You didn't know any spells.
Your spell library was empty.

Dungeon Overview and Level Annotations

Branches:
Dungeon (3/15)

Altars:

Annotations:
D:3 Grinder


Innate Abilities, Weirdness & Mutations

You are immune to sickness and miasma.
Your stone body is resilient. (AC +3)
You are immune to poison.
You resist negative energy. (rN+)
You are resistant to electric shocks. (rElec)
You are resistant to unholy torment.
You are immune to petrification.
Your magical capacity is low. (-10% MP)


Message History

Grinder gestures at you. Pain shoots through your body!
You hit Grinder.
Grinder is lightly wounded.
Grinder says, "What is the universe for?"
Grinder hits you.
You writhe in agony.
Grinder closely misses you.
You hit Grinder.
Grinder is moderately wounded.
Grinder hits you but does no damage.
You hit Grinder but do no damage.
Grinder is moderately wounded.
Grinder barely misses you.
You hit Grinder but do no damage.
Grinder is moderately wounded.
Grinder hits you!
You barely miss Grinder.
Grinder is moderately wounded.
Grinder hits you.
* * * LOW HITPOINT WARNING * * *
You writhe in agony.
* * * LOW HITPOINT WARNING * * *
You feel better.
Grinder blinks!
Grinder gestures at you. You resist with significant effort.
Grinder gestures at you. You resist with significant effort.
You hit Grinder.
Grinder is heavily wounded.
Grinder hits you.
* * * LOW HITPOINT WARNING * * *
Grinder says, "FISH!"
Grinder hits you.
* * * LOW HITPOINT WARNING * * *
You writhe in agony.
* * * LOW HITPOINT WARNING * * *
You barely miss Grinder.
Grinder is heavily wounded.
Grinder gestures at you. Pain shoots through your body!
You die...

∙∙∙∙∙∙∙∙▒▒▒∙▒▒▒▒▒▒
▒▒∙∙∙∙∙∙∙∙∙∙∙∙∙∙∙▒
▒▒∙∙∙∙∙∙∙∙∙▒▒▒▒∙▒ ▒▒∙▒▒▒▒▒▒▒▒
▒(▒ ▒∙▒ ▒∙▒ ▒∙▒ ▒▒▒▒∙▒▒▒▒▒
▒▒'▒▒ ▒▒▒∙∙∙∙∙∙∙∙▒ ▒▒∙∙∙▒▒
▒∙∙∙∙∙∙∙▒▒∙▒ ▒▒∙∙∙∙∙▒▒
▒∙▒∙▒▒9∙▒▒∙▒ ▒∙∙∙∙∙∙∙▒▒▒
▒∙∙▒5∙▒▒∙▒
∙∙∙∙∙∙∙∙∙▒▒∙▒∙∙∙∙∙▒▒∙▒▒▒▒▒▒∙∙
∙†∙<∙∙∙∙∙■∙∙∙∙∙∙∙∙∙∙∙∙∙∙∙∙∙∙∙
∙∙∙∙∙∙∙∙∙▒▒∙∙∙∙∙∙∙▒▒∙▒▒▒▒▒▒∙∙
▒∙∙∙∙∙∙∙▒▒▒▒▒∙∙∙∙∙∙∙∙▒
▒▒∙∙∙∙∙▒▒ ▒▒∙▒▒▒▒▒▒▒ ▒▒∙∙∙▒▒
▒∙∙ ▒▒■▒▒ ▒∙∙∙


You could see Grinder.

Vanquished Creatures
  3 adders (D:2)
  2 dart slugs
  3 bats
  2 endoplasms
  2 giant cockroaches (D:1)
  2 hobgoblins
  6 kobolds
  2 quokkas
  6 ball pythons
  2 frilled lizards
  A goblin (D:1)
  4 rats
35 creatures vanquished.

Notes
Turn   | Place    | Note
-------+----------+-------------------------------------------
     0 | D:1      | Zeor the Gargoyle Monk began the quest for the Orb.
     0 | D:1      | Reached XP level 1. HP: 14/14 MP: 1/1
   162 | D:1      | Reached XP level 2. HP: 19/19 MP: 2/2
   176 | D:1      | Found a faded altar of an unknown god.
   605 | D:2      | Reached XP level 3. HP: 21/24 MP: 3/3
  1014 | D:2      | Reached XP level 4. HP: 29/29 MP: 4/4
  1572 | D:3      | Noticed Grinder
  1575 | D:3      | Paralysed by Grinder for 2 turns
  1584 | D:3      | Gained mutation: Your magical capacity is low. (-10% MP)
                  | [potion of mutation]
  1602 | D:3      | Killed from afar by Grinder

Illustrated notes

Levels and vault maps discovered:
D:1:      minmay_arrival_hallway, layout_basic,
          shapermc_ecumenical_altar_mp_vishouse, minmay_tetromino_o2
D:2:      layout_basic, serial_glass, glass_columns_a, glass_columns_a
D:3:      layout_loops_corners, lemuel_tele_altar, uniq_natasha, uniq_grinder

Skill      XL: |  1  2  3 |
---------------+----------+-----
Fighting       | 4 |  4.2
Maces & Flails | 4 |  4.1
Armour         | |  0.2
Dodging        | |  2.5

Action                     |  1- 3 |  4- 6 || total
---------------------------+-------+-------++-------
  Melee: Mace              |    78 |    26 ||   104
  Throw: Dart              |       |     1 ||     1
    Use: Scroll            |     5 |     1 ||     6
         Potion            |       |     3 ||     3
 Armour: Robe              |     4 |       ||     4
         Chain mail        |    61 |     6 ||    67
  Dodge: Dodged            |    36 |     9 ||    45
